 Dungeon Crawl Stone Soup version 0.30-a0-739-gea05faddec (webtiles) character file.

Game seed: 1002208917730361915

435 avis the Shooter (level 6, -7/51 HPs)
             Began as a Demigod Hunter on Feb 4, 2023.
             Mangled by Pikel
             ... wielding a +0 whip of electrocution
              (12 damage)
             ... on level 4 of the Dungeon.
             The game lasted 00:21:16 (3956 turns).

avis the Shooter (Demigod Hunter)                   Turns: 3956, Time: 00:21:17

Health: -7/51      AC:  6    Str: 12    XL:     6   Next: 40%
Magic:  10/10      EV: 20    Int: 11    God:
Gold:   61         SH:  0    Dex: 31    Spells: 2/7 levels left

rFire   . . .      SeeInvis .    b - +3 dagger
rCold   . . .      Faith    .    (no shield)
rNeg    . . .      Spirit   .    c - +0 leather armour
rPois   .          Reflect  .    t - +0 helmet
rElec   .          Harm     .    (no cloak)
rCorr   .          Rampage  .    j - +0 pair of gloves
Will    .....                    g - +0 pair of boots
Stlth   ++                       (no amulet)
HPRegen 0.28/turn                f - +5 ring of evasion
MPRegen 0.12/turn                i - +6 ring of dexterity

@: no status effects
A: high MP 1, forlorn, divine attributes
a: no special abilities


You were on level 4 of the Dungeon.
You visited 1 branch of the dungeon, and saw 4 of its levels.

You collected 194 gold pieces.
You spent 133 gold pieces at shops.

Inventory:

Hand Weapons
 a - a +0 shortbow
 b - a +3 dagger (weapon)
 w - a +0 falchion
 E - a +0 long sword
Missiles
 h - 12 poisoned darts
 C - 3 curare-tipped darts
Armour
 c - a +0 leather armour (worn)
 g - a +0 pair of boots (worn)
 j - a +0 pair of gloves (worn)
 s - a +0 buckler
 t - a +0 helmet (worn)
Magical Staves
 H - a staff of fire
Jewellery
 f - a +5 ring of evasion (left hand)
 i - a +6 ring of dexterity (right hand)
 v - a ring of protection from cold
 D - a ring of resist corrosion
 F - a +6 ring of strength
 G - a +5 ring of evasion
Wands
 r - a wand of flame (13)
 y - a wand of charming (13)
 z - a wand of mindburst (8)
Scrolls
 d - a scroll of magic mapping {unknown}
 l - 2 scrolls of vulnerability {unknown}
 n - 2 scrolls of poison {unknown}
 p - 3 scrolls of teleportation {unknown}
 q - 2 scrolls of immolation
 x - 2 scrolls of fear {unknown}
 B - a scroll of enchant weapon
Potions
 e - 2 potions of degeneration
 k - 2 potions of mutation
 m - 2 potions of flight
 o - a potion of invisibility
 u - a potion of curing {unknown}
 A - a potion of cancellation {unknown}


   Skills:
 - Level 3.0 Fighting
 - Level 6.0 Ranged Weapons
 * Level 3.5 Dodging
 - Level 1.0 Stealth
 - Level 1.0 Spellcasting


You had 2 spell levels left.
You knew the following spells:

 Your Spells              Type           Power      Damage    Failure   Level
b - Blink                 Tloc           0%         N/A       52%         2
r - Frozen Ramparts       Ice            0%         1d1       77%         3

Your spell library contained the following spells:

 Spells                   Type           Power      Damage    Failure   Level
 Freeze                   Ice            0%         1d3       38%         1
 Slow                     Hex            0%         N/A       38%         1
 Lesser Beckoning         Tloc           0%         N/A       52%         2
 Sublimation of Blood     Necr           0%         N/A       52%         2
 Confusing Touch          Hex            0%         N/A       77%         3
 Gell's Gravitas          Tloc           0%         N/A       77%         3
 Hailstorm                Conj/Ice       0%         3d3       77%         3
 Teleport Other           Tloc           0%         N/A       77%         3
 Vampiric Draining        Necr           0%         2d6       77%         3
 Ice Form                 Ice/Tmut       0%         N/A       99%         4
 Manifold Assault         Tloc           0%         N/A       99%         4
 Petrify                  Tmut/Erth      0%         N/A       99%         4
 Summon Ice Beast         Ice/Summ       0%         N/A       99%         4
 Irradiate                Conj/Tmut      0%         3d11      100%        5
 Storm Form               Tmut/Air       0%         N/A       100%        7


Dungeon Overview and Level Annotations

Branches:
Dungeon (4/15)
 Temple: D:4-7

Shops:
D:2 ?   D:4 *

Annotations:
D:1 Deep water hidden.
D:4 Pikel


Innate Abilities, Weirdness & Mutations

You have an increased reservoir of magic. (+10% MP)
You shall have no god before yourself.
Your divine heritage dramatically boosts your attributes as you level up.


Message History

Aim: Pikel, wielding a +0 whip of electrocution and wearing a +2 robe of resistance (heavily wounded, 65% to hit)
You shoot an arrow. The arrow closely misses Pikel.
The arrow hits the lemure.
The lemure is heavily wounded.
Pikel completely misses you.
Fire: a) +0 shortbow
Press: ? - help, Q - select action, (/) - cycle Shift-Dir - straight line, f/p - Pikel
Aim: Pikel, wielding a +0 whip of electrocution and wearing a +2 robe of resistance (heavily wounded, 65% to hit)
You shoot an arrow. The arrow hits Pikel.
Pikel is heavily wounded.
Pikel hits you but does no damage.
You are electrocuted!
Fire: a) +0 shortbow
Press: ? - help, Q - select action, (/) - cycle Shift-Dir - straight line, f/p - Pikel
Aim: Pikel, wielding a +0 whip of electrocution and wearing a +2 robe of resistance (heavily wounded, 65% to hit)
You shoot an arrow. The arrow closely misses Pikel.
The arrow hits the lemure.
The lemure is almost dead.
Pikel hits you but does no damage.
Fire: a) +0 shortbow
Press: ? - help, Q - select action, (/) - cycle Shift-Dir - straight line, f/p - Pikel
Aim: Pikel, wielding a +0 whip of electrocution and wearing a +2 robe of resistance (heavily wounded, 65% to hit)
You shoot an arrow. The arrow hits Pikel.
Pikel is severely wounded.
Pikel hits you with a +0 whip of electrocution.
You are electrocuted!
* * * LOW HITPOINT WARNING * * *
Pikel hits you with a +0 whip of electrocution.
* * * LOW HITPOINT WARNING * * *
Okay, then.
b - a +3 dagger (weapon)
You hit Pikel but do no damage.
Pikel is severely wounded.
Pikel closely misses you.
You hit Pikel.
Pikel is severely wounded.
Pikel closely misses you.
You hit Pikel.
Pikel is severely wounded.
Pikel hits you with a +0 whip of electrocution!
* * * LOW HITPOINT WARNING * * *
You are electrocuted!
You die...

...####.......) #..
##......# #.#
##.....# #.# ##....#
55. ##'#.. #5# #.###
#5# #.# #K# ##.##
#@# ##...##
#.##########.....#
#.........###.....
#.#######.####.#.#
###.# #...###.#.#
#..)## ###..........
#.##.###.###.###.###
#.#...............##
#...##.###.###.##..#


You could see Pikel and 4 lemures.

Vanquished Creatures
  Menkaure (D:4)
  Blork the orc (D:4)
  A scorpion (D:4)
  An iguana (D:4)
  Terence (D:2)
  Robin (D:2)
  3 gnolls (D:3)
  An adder (D:4)
  A worm (D:3)
  3 orcs (D:3)
  9 ball pythons
  9 endoplasms
  5 giant cockroaches
  9 goblins
  17 hobgoblins
  11 kobolds
  3 quokkas
  5 bats
  4 frilled lizards
  4 rats
90 creatures vanquished.

Vanquished Creatures (others)
  A fungus (D:1)
  5 toadstools (D:3)
6 creatures vanquished.

Grand Total: 96 creatures vanquished

Notes
Turn   | Place    | Note
-------+----------+-------------------------------------------
     0 | D:1      | avis the Demigod Hunter began the quest for the Orb.
     0 | D:1      | Reached XP level 1. HP: 17/17 MP: 3/3
   243 | D:1      | Reached skill level 4 in Ranged Weapons
   262 | D:1      | Reached XP level 2. HP: 24/24 MP: 4/4
  1232 | D:2      | Reached XP level 3. HP: 29/29 MP: 5/5
  1505 | D:2      | Noticed Robin
  1519 | D:2      | Reached skill level 1 in Stealth
  1613 | D:2      | Killed Robin
  1614 | D:2      | Reached skill level 1 in Spellcasting
  1618 | D:2      | Learned a level 3 spell: Frozen Ramparts
  1841 | D:2      | Found Teymaosch's Magic Scroll Shop.
  2076 | D:3      | Reached XP level 4. HP: 37/37 MP: 8/8
  2375 | D:3      | Noticed Terence
  2411 | D:2      | Killed Terence
  2827 | D:2      | Bought a scroll of enchant weapon for 105 gold pieces
  2827 | D:2      | Bought a scroll of identify for 28 gold pieces
  3037 | D:4      | Reached skill level 5 in Ranged Weapons
  3037 | D:4      | Reached XP level 5. HP: 45/45 MP: 9/9
  3156 | D:4      | Learned a level 2 spell: Blink
  3244 | D:4      | Noticed Menkaure
  3248 | D:4      | Killed Menkaure
  3249 | D:4      | Reached XP level 6. HP: 51/51 MP: 10/10
  3250 | D:4      | Noticed Blork the orc
  3261 | D:4      | Killed Blork the orc
  3262 | D:4      | Reached skill level 6 in Ranged Weapons
  3312 | D:4      | Found Jaylluon's CLEARANCE SALE!.
  3939 | D:4      | Noticed Pikel
  3956 | D:4      | Mangled by Pikel

Illustrated notes

Levels and vault maps discovered:
D:1:      dpeg_cavernosity, layout_basic, hangedman_decor_opposing
D:2:      layout_loops_ring, serial_shops, nicolae_lakefront_shop,
          kennysheep_generic_room_2, uniq_robin
D:3:      layout_loops_ring, st_stairs_8, minmay_gold_behind_fungi, uniq_terence
D:4:      layout_loops_corners, kennysheep_big_empty_room,
          nicolae_concentric_dashed_squares_mild, minmay_tree_intersection,
          nicolae_kite_square_tiling_tiny, nicolae_shop_clearance,
          uniq_blork_the_orc, uniq_pikel, uniq_menkaure

Skill      XL: |  1  2  3  4  5  6 |
---------------+-------------------+-----
Fighting       | 2 3 |  3.0
Ranged Weapons | 4 5 6 |  6.0
Dodging        | 2 3 |  3.5
Stealth        | 1 |  1.0
Spellcasting   | 1 |  1.0

Action                     |  1- 3 |  4- 6 || total
---------------------------+-------+-------++-------
  Melee: Dagger            |       |    27 ||    27
   Fire: Shortbow          |   132 |    81 ||   213
  Evoke: Wand              |       |     4 ||     4
    Use: Scroll            |       |     4 ||     4
 Armour: Leather armour    |     6 |     9 ||    15
  Dodge: Dodged            |    59 |    48 ||   107

Table legend: (Time is in decaauts)
 A = Elapsed time spent in this place.
 B = Non-inter-level travel time spent in this place.
 C = Inter-level travel time spent in this place.
 D = Time resting spent in this place.
 E = Time spent auto-exploring this place.
 F = Levels seen in this place.
 G = Mean time per level.
                   A        B        C        D        E       F      G
               +--------+--------+--------+--------+--------+-----+--------+
         Total |   4027 |   3647 |    380 |    283 |   2303 |   4 | 1006.8 |
       Dungeon |   4027 |   3647 |    380 |    283 |   2303 |   4 | 1006.8 |
               +--------+--------+--------+--------+--------+-----+--------+

Top non-repeatable levels by time:
     D:1: 1263 daAuts
     D:2: 948 daAuts
     D:4: 942 daAuts
     D:3: 873 daAuts
